 Dungeon Crawl Stone Soup version 0.28.0-47-ge53b351184 (webtiles) character file.

Game seed: 4960477814914154605

344 nickcage the Vexing (level 6, 0/28 HPs)
             Began as a Spriggan Enchanter on May 2, 2022.
             Succumbed to a water moccasin's poison
             ... on level 4 of the Dungeon.
             The game lasted 00:17:57 (3545 turns).

nickcage the Vexing (Spriggan Enchanter)            Turns: 3545, Time: 00:17:58

Health: 0/28       AC:  6    Str:  4    XL:     6   Next: 31%
Magic:  12/13      EV: 17    Int: 17    God:
Gold:   146        SH:  0    Dex: 17    Spells: 11/13 levels left

rFire   . . .      SeeInvis +   a - +1 dagger
rCold   . . .      Faith    .   (no shield)
rNeg    . . .      Spirit   .   b - +0 robe
rPois   .          Reflect  .   j - +0 hat
rElec   .          Harm     .   (no cloak)
rCorr   .          Rampage  .   (gloves unavailable)
Will    +....                   (boots unavailable)
Stlth   +++.......              (no amulet)
HPRegen 0.09/turn               f - +4 ring of protection
MPRegen 0.13/turn               (no ring)

@: lethally poisoned (0 -> -2), very quick
A: very small, no large weapons, unfitting armour, see invisible, speed 3
a: no special abilities


You were on level 4 of the Dungeon.
You visited 1 branch of the dungeon, and saw 4 of its levels.

You collected 146 gold pieces.

Inventory:

Hand Weapons
 a - a +1 dagger (weapon)
Missiles
 e - 9 poisoned darts
Armour
 b - a +0 robe (worn)
 j - a +0 hat (worn)
Jewellery
 f - a +4 ring of protection (left hand)
Wands
 h - a wand of polymorph (7)
Scrolls
 g - 2 scrolls of identify {unknown}
 k - a scroll of fear {unknown}
 l - a scroll of enchant armour {unknown}
 n - a scroll of amnesia {unknown}
 o - a scroll of immolation {unknown}
Potions
 c - 2 potions of invisibility
 d - a potion of haste {unknown}
 i - a potion of curing {unknown}
 m - a potion of resistance {unknown}


   Skills:
 + Level 3.2 Short Blades
 - Level 0.2 Throwing
 - Level 2.6 Dodging
 - Level 4.4 Stealth
 - Level 4.4 Spellcasting
 - Level 7.0 Hexes


You had 11 spell levels left.
You knew the following spells:

 Your Spells              Type           Power      Damage    Failure   Level
a - Ensorcelled Hibernat  Hex/Ice        30%        N/A       5%          2

Your spell library contained the following spells:

 Spells                   Type           Power      Damage    Failure   Level
 Confusing Touch          Hex            27%        N/A       2%          3
 Tukima's Dance           Hex            27%        N/A       2%          3
 Dazzling Flash           Conj/Hex       30%        N/A       11%         3


Dungeon Overview and Level Annotations

Branches:
Dungeon (4/15)
 Temple: D:4-7

Altars:
Elyvilon
Qazlal

Shops:
D:2 :

Annotations:
D:3 2 transporters, BeAPotato's ghost, amateur FeSu


Innate Abilities, Weirdness & Mutations

You are very small and have problems with some larger weapons.
You are too small for most types of armour.
You have supernaturally acute eyesight. (SInv)
You cover ground extremely quickly. (Speed+++)


Message History

The water moccasin is severely wounded.
The water moccasin bites you but does no damage.
You hit the water moccasin but do no damage.
Your punch misses the water moccasin.
The water moccasin is severely wounded.
The water moccasin bites you.
You hit the water moccasin but do no damage.
The water moccasin is severely wounded.
The water moccasin bites you but does no damage.
The water moccasin barely misses you.
You barely miss the water moccasin.
The water moccasin is severely wounded.
The water moccasin bites you!
You are lethally poisoned!
The water moccasin poisons you!
You miss the water moccasin.
The water moccasin is severely wounded.
You feel very sick. The water moccasin barely misses you.
You feel sick.
You feel sick.
* * * LOW HITPOINT WARNING * * *
You feel sick.
* * * LOW HITPOINT WARNING * * *
You feel sick.
* * * LOW HITPOINT WARNING * * *
You feel sick.
* * * LOW HITPOINT WARNING * * *
You feel sick.
* * * LOW HITPOINT WARNING * * *
You feel sick.
* * * LOW HITPOINT WARNING * * *
You feel sick.
* * * LOW HITPOINT WARNING * * *
You feel sick.
* * * LOW HITPOINT WARNING * * *
You feel sick.
* * * LOW HITPOINT WARNING * * *
You feel sick.
You die...

##)###.#### .)).....# ###
........# #.. ........# #.#
........# #.# ........# ###.###
........# ###.....#####
........#############............
................@...S.#..........
...........(.......#########.....
........##########..... ........
######### ###### ####.$... #.....
######


You could see a water moccasin.

Vanquished Creatures
  A scorpion (D:4)
  A hound (D:4)
  An orc priest (D:3)
  An iguana (D:3)
  An orc wizard (D:3)
  7 adders
  3 gnolls (D:3)
  14 orcs
  6 ball pythons
  6 endoplasms
  A giant cockroach (D:2)
  3 goblins
  7 hobgoblins
  3 jackals (D:1)
  8 kobolds
  6 bats
  2 frilled lizards
  5 rats (D:2)
76 creatures vanquished.

Notes
Turn   | Place    | Note
-------+----------+-------------------------------------------
     0 | D:1      | nickcage the Spriggan Enchanter began the quest for the
                  | Orb.
     0 | D:1      | Reached XP level 1. HP: 9/9 MP: 5/5
   194 | D:1      | Found a faded altar of an unknown god.
   316 | D:1      | Reached skill level 4 in Hexes
   341 | D:1      | Reached XP level 2. HP: 9/13 MP: 6/6
   344 | D:1      | Learned a level 2 spell: Ensorcelled Hibernation
   459 | D:1      | You fall into a shaft and drop 1 floor!
   585 | D:2      | Found a stormy altar of Qazlal.
   666 | D:2      | Reached XP level 3. HP: 16/16 MP: 3/8
   725 | D:2      | Reached skill level 5 in Hexes
   835 | D:2      | Found Sailirir's Book Emporium.
  1744 | D:3      | Reached XP level 4. HP: 21/21 MP: 4/9
  1849 | D:3      | Reached skill level 6 in Hexes
  1956 | D:3      | Found a transporter.
  1966 | D:3      | Noticed BeAPotato's ghost (amateur FeSu)
  1980 | D:3      | Found a transporter.
  2454 | D:3      | Reached XP level 5. HP: 17/24 MP: 2/11
  2710 | D:3      | Reached skill level 7 in Hexes
  3087 | D:4      | Reached XP level 6. HP: 28/28 MP: 11/13
  3150 | D:4      | Found a white marble altar of Elyvilon.
  3515 | D:4      | Noticed a water moccasin
  3544 | D:4      | HP: 1/28 [poisoned by a water moccasin]
  3545 | D:4      | Succumbed to a water moccasin's poison

Illustrated notes

Levels and vault maps discovered:
D:1:      ncdulo_watergridlock, layout_loops_corners,
          ebering_ecumenical_altar_hall
D:2:      layout_basic, serial_shops, nicolae_shop_window_shopping, basic_altar,
          minmay_fountain_box, minmay_tiny_reverse_x
D:3:      wander_river, layout_loops_ring, gammafunk_ghost_stat_death,
          minmay_misc_feat_cross
D:4:      layout_rooms, general_overflow_altar, gammafunk_ghost_icy

Skill      XL: |  1  2  3  4  5  6 |
---------------+-------------------+-----
Hexes          | 4 5 6 7 |  7.0
Spellcasting   | 3 4 |  4.4
Short Blades   | 2 3 |  3.2
Throwing       | |  0.2
Dodging        | |  2.6
Stealth        | |  4.4

Action                   |  1- 3 |  4- 6 || total
-------------------------+-------+-------++-------
Melee: Dagger            |    98 |   110 ||   208
Throw: Dart              |     1 |       ||     1
 Cast: Ensorcelled Hiber |    18 |    46 ||    64
 Stab: Sleeping          |    20 |    35 ||    55
       Distracted        |       |     2 ||     2
Armor: Robe              |    22 |    16 ||    38
Dodge: Dodged            |    76 |    65 ||   141
